Map: Newkirk Precinct TE (Void)

Players

Raze

  • Race: Terran Terran
  • Spawn Location: 7:00

CatZ - Winner!

  • Race: Zerg Zerg
  • Spawn Location: 5:00

Event: WCS Austin 2017

VOD

Have the link to the VOD?

Description

Time

  • Played on: April 28, 2017, 4:43 p.m.
  • Length: 10:32

All games in this series

Show
View Real Time Build Order
Export as new Build Order

Raze Terran 

Build Orders: Reaper Expand, Hellion Banshee 

Get SALT Encoding   

  12  0:01  SCV  
  13  0:13  SCV  
  14  0:17  Supply Depot  
  14  0:25  SCV  
  15  0:29  Refinery  
  15  0:39  SCV  
  16  0:45  Barracks  
  16  0:51  SCV  
  17  1:03  SCV  
  18  1:15  SCV  
  19  1:32  Orbital Command  
  19  1:33  Reaper  
  20  1:43  Command Center  
  20  1:54  Factory  
  20  1:58  SCV  
  21  2:04  Marine  
  21  2:08  Supply Depot  
  22  2:12  SCV  
  23  2:17  Refinery  
  23  2:24  Barracks Tech Lab  
  24  2:30  SCV  
  24  2:47  Starport, Hellion  
  24  2:49  SCV  
  27  2:54  Barracks Reactor  
  27  3:04  Orbital Command  
  27  3:05  SCV  
  27  3:09  Hellion  
  30  3:18  SCV  
  31  3:27  Cloaking Field  
  31  3:28  Banshee  
  31  3:30  SCV  
  34  3:34  SCV  
  34  3:40  Hellion x2  
  39  3:42  Barracks Reactor, SCV  
  39  3:45  Supply Depot  
  39  3:47  SCV  
  41  3:54  SCV  
  42  3:59  SCV  
  42  4:01  Hellion  
  42  4:02  Supply Depot  
  45  4:07  Hellion  
  47  4:12  Supply Depot  
  47  4:13  SCV x2  
  47  4:15  Medivac  
  51  4:20  Armory  
  51  4:26  Supply Depot, Hellion  
  51  4:30  Hellion  
  55  4:31  SCV  
  55  4:32  SCV  
  55  4:35  Supply Depot  
  57  4:43  SCV  
  57  4:44  SCV  
  59  4:48  Hellion  
  59  4:50  Marine x2  
  59  4:51  Hellion  
  65  4:56  SCV  
  68  5:06  Banshee  
  69  5:07  Marine, SCV  
  69  5:08  Marine, SCV  
  69  5:23  SCV  
  69  5:26  Command Center  
  67  5:28  SCV  
  67  5:32  Cyclone  
  68  5:39  Cyclone  
  72  5:42  SCV  
  72  5:46  Marine x2  
  72  5:49  SCV  
  75  5:55  SCV  
  75  5:56  Supply Depot  
  76  6:00  Banshee  
  76  6:01  SCV  
  80  6:07  SCV  
  81  6:13  SCV  
  78  6:18  Marine  
  78  6:19  Hellion x2, Marine, SCV  
  81  6:25  SCV  
  81  6:26  Command Center  
  81  6:31  SCV  
  75  6:36  Marine x2  
  75  6:37  SCV  
  76  6:43  SCV  
  77  6:49  Hellion x2, Banshee  
  77  6:50  SCV  
  77  6:52  Refinery  
  77  6:53  Refinery, Terran Vehicle Weapons Level 1  
  85  6:55  SCV  
  88  7:02  SCV  
  88  7:07  SCV  
  88  7:09  Factory  
  88  7:10  Factory, Hellion x2  
  88  7:11  Engineering Bay  
  88  7:13  Barracks Tech Lab  
  93  7:15  SCV  
  93  7:19  SCV  
  94  7:34  Hellion x2, SCV x2  
  100  7:41  Supply Depot x2  
  100  7:46  SCV x2  
  79  8:04  Orbital Command  
  77  8:10  Hellion x2  
  77  8:12  Missile Turret  
  72  8:14  Missile Turret  
  72  8:15  Thor x2, Viking  
  72  8:16  Viking, Missile Turret  
  88  8:27  SCV  
  85  8:37  SCV  
  85  8:39  Hellion x2  
  87  8:45  Viking x2  
  88  8:56  SCV  
  88  8:57  SCV  
  88  9:01  Orbital Command  
  90  9:08  SCV  
  92  9:13  Siege Tank x2  
  92  9:14  Hellion x2  
  92  9:15  Viking x2  
  105  9:19  SCV  
  105  9:21  SCV  
  107  9:29  SCV  
  108  9:35  Hellion  
  108  9:38  Refinery  
  110  9:42  Missile Turret  
  110  9:43  Refinery  
  110  9:44  Missile Turret  
  110  9:45  Viking x2, Siege Tank x2, SCV x2  
  112  9:49  SCV  
  123  9:56  Hellion  
  123  9:57  SCV  
  120  10:08  SCV x2  
  120  10:09  SCV  
  120  10:11  Missile Turret  
  120  10:13  Supply Depot  
  123  10:14  Supply Depot  
  123  10:20  SCV  
Show
View Real Time Build Order
Export as new Build Order

CatZ Zerg - Winner!

Build Orders: Hatch First, Muta Ling Bane 

Get SALT Encoding   

  12  0:00  Drone  
  13  0:13  Overlord  
  13  0:18  Drone  
  14  0:33  Drone x2  
  17  0:35  Drone  
  17  0:47  Drone  
  18  0:57  Hatchery  
  17  1:10  Spawning Pool  
  16  1:13  Drone  
  16  1:17  Drone  
  18  1:21  Drone  
  18  1:24  Extractor  
  18  1:29  Drone  
  19  1:40  Drone  
  20  1:57  Hatchery  
  20  2:00  Queen  
  21  2:02  Zergling x2  
  22  2:12  Queen  
  25  2:15  Zergling x2  
  25  2:20  Drone  
  26  2:23  Drone  
  26  2:26  Drone  
  28  2:34  Overlord  
  27  2:49  Metabolic Boost  
  27  2:51  Overlord  
  27  2:54  Drone x3  
  27  2:56  Drone  
  31  3:00  Drone  
  31  3:04  Drone  
  31  3:05  Drone  
  34  3:09  Overlord  
  34  3:13  Drone x2  
  34  3:17  Drone x2  
  38  3:20  Drone  
  38  3:23  Overlord  
  38  3:25  Drone  
  40  3:27  Drone  
  40  3:32  Queen  
  43  3:35  Drone  
  43  3:39  Drone x2  
  46  3:44  Queen  
  48  3:49  Queen  
  48  3:52  Drone x2  
  48  3:54  Drone  
  48  3:55  Drone  
  54  3:57  Drone  
  54  3:59  Drone  
  54  4:01  Drone x2  
  58  4:03  Drone  
  58  4:05  Drone  
  58  4:06  Drone  
  58  4:07  Drone  
  61  4:11  Spore Crawler  
  61  4:13  Spore Crawler  
  61  4:14  Spore Crawler  
  61  4:15  Zergling x2  
  59  4:19  Zergling x6  
  59  4:23  Lair  
  62  4:30  Zergling x6  
  65  4:32  Overlord  
  65  4:36  Overlord  
  65  4:38  Extractor  
  64  4:39  Extractor  
  64  4:40  Extractor  
  64  4:44  Drone x3  
  65  4:48  Overlord  
  65  4:49  Drone, Spore Crawler  
  65  4:50  Queen  
  65  4:51  Overlord  
  66  4:54  Drone x2  
  66  4:57  Drone  
  69  5:00  Zergling x6  
  69  5:01  Drone  
  73  5:12  Drone x2, Zergling x4, Evolution Chamber  
  76  5:15  Evolution Chamber  
  76  5:19  Zergling x8  
  76  5:21  Zergling x2  
  80  5:23  Zergling x2  
  80  5:24  Zergling x2  
  80  5:26  Zergling x4  
  80  5:31  Zergling x4  
  79  5:37  Spire  
  78  5:44  Drone x6  
  84  5:50  Zerg Ground Armor Level 1  
  84  5:53  Zerg Melee Weapons Level 1, Baneling Nest  
  84  5:56  Drone x2  
  85  5:59  Drone  
  86  6:06  Zergling x6  
  86  6:07  Zergling x6  
  89  6:14  Zergling x2  
  89  6:17  Zergling x6  
  88  6:23  Zergling x4  
  88  6:24  Zergling x2  
  81  6:28  Zergling x4  
  80  6:34  Drone x2, Overseer  
  80  6:37  Drone x3  
  85  6:41  Queen x3  
  85  6:43  Overlord  
  91  6:51  Centrifical Hooks  
  91  6:53  Drone x5  
  91  6:54  Drone  
  97  6:56  Extractor  
  97  6:57  Zerg Flyer Weapons Level 1, Extractor  
  95  7:04  Mutalisk  
  95  7:05  Mutalisk x3  
  103  7:17  Pneumatized Carapace  
  103  7:18  Mutalisk, Burrow  
  105  7:23  Overlord  
  105  7:27  Overlord, Hydralisk Den  
  105  7:29  Overlord  
  102  7:32  Overlord  
  102  7:37  Baneling x5  
  102  7:38  Baneling x2  
  102  7:39  Overlord x2  
  102  7:49  Mutalisk x3  
  98  7:59  Mutalisk  
  100  8:06  Drone x2  
  102  8:12  Mutalisk  
  102  8:13  Mutalisk  
  102  8:15  Drone x2  
  102  8:16  Drone x6  
  102  8:18  Overlord  
  114  8:22  Drone  
  115  8:28  Drone x2  
  117  8:35  Drone x2  
  117  8:39  Mutalisk x5  
  129  8:41  Hatchery  
  129  8:47  Zergling x2  
  129  8:49  Drone  
  129  8:50  Drone  
  129  9:00  Extractor  
  128  9:03  Overlord, Extractor  
  128  9:05  Hydralisk x4  
  128  9:06  Hydralisk x5  
  128  9:09  Drone  
  144  9:14  Roach Warren  
  144  9:15  Drone  
  143  9:40  Overseer  
  143  9:45  Baneling x4  
  143  9:46  Zergling x18  
  143  9:48  Overlord  
  143  9:50  Hydralisk  
  143  9:51  Hydralisk x2  
  150  10:02  Roach x7  
  164  10:08  Baneling x8  
  164  10:10  Roach, Overlord  
Tags
 
Add a new tag
Caveats
  • Supply blocks, unpowered buildings, or Contaminate may cause inaccurate times.
  • Supply counts are checked every 10 seconds.